 Dungeon Crawl Stone Soup version 0.29-a0-542-g075992c915 (webtiles) character file.

Game seed: 1402663478574194994

2 oldriver the Sneak (level 1, -1/19 HPs)
             Began as a Palentonga Delver on June 5, 2022.
             Slain by a phantom (6 damage)
             ... on level 5 of the Dungeon.
             The game lasted 00:00:56 (193 turns).

oldriver the Sneak (Palentonga Delver)               Turns: 193, Time: 00:00:57

Health: -1/19      AC:  4    Str: 15    XL:     1   Next: 25%
Magic:  1/1        EV:  9    Int: 10    God:
Gold:   20         SH:  0    Dex: 11    Spells: 0/0 levels left

rFire   . . .      SeeInvis +   a - +0 hand axe
rCold   . . .      Faith    .   (no shield)
rNeg    . . .      Spirit   .   b - +0 leather armour
rPois   .          Reflect  .   (no helmet)
rElec   .          Harm     .   (no cloak)
rCorr   .          Rampage  .   (no gloves)
Will    .....                   (no barding)
Stlth   ++........              (no amulet)
HPRegen 0.06/turn               (no ring)
MPRegen 0.07/turn               (no ring)

@: hasted, very quick
A: large, rugged brown scales 3, see invisible, deformed body, roll 1, armoured
tail
a: Rolling Charge


You were on level 5 of the Dungeon.
You visited 1 branch of the dungeon, and saw 2 of its levels.

You collected 20 gold pieces.

Inventory:

Hand Weapons
 a - a +0 hand axe (weapon)
Armour
 b - a +0 leather armour (worn)
Wands
 g - a wand of digging (3)
Scrolls
 c - a scroll of fog
 d - a scroll of magic mapping
 e - a scroll of fear


   Skills:
 + Level 3.0 Fighting
 + Level 2.1 Axes
 - Level 1.5 Dodging
 - Level 3.3 Stealth


You couldn't memorise any spells.
You didn't know any spells.
Your spell library was empty.

Dungeon Overview and Level Annotations

Branches:
Dungeon (5/15)
 Temple: D:4-7

Altars:

Annotations:
D:5 1 runed translucent door, porpoise's ghost, novice TeHu


Innate Abilities, Weirdness & Mutations

You are completely covered in rugged brown scales. (AC +3, +7% HP)
You have supernaturally acute eyesight. (SInv)
Armour fits poorly on your strangely shaped body.
You can roll at nearby foes to attack.
You have a long armoured tail.


Message History

There is an open door here.
The phantom attacks as you move away!
The phantom hits you but does no damage.
The phantom attacks as you move away! The phantom hits you.
You feel yourself speed up. The phantom misses you.
You closely miss the phantom. You hit the phantom.
The phantom is lightly damaged.
The phantom hits you but does no damage.
You hit the phantom. You tail-slap the phantom.
The phantom is heavily damaged.
The phantom hits you but does no damage.
You hit the phantom but do no damage.
The phantom is heavily damaged.
The phantom hits you.
The phantom blinks!
You blink.
You hit the phantom but do no damage.
The phantom is heavily damaged.
The phantom closely misses you.
You hit the phantom but do no damage.
Your tail-slap misses the phantom.
The phantom is heavily damaged.
The phantom barely misses you.
You barely miss the phantom.
The phantom is heavily damaged.
You closely miss the phantom.
The phantom is heavily damaged.
The phantom hits you.
You are too injured to fight recklessly!
You are too injured to fight recklessly!
You are too injured to fight recklessly!
You are too injured to fight recklessly!
You are too injured to fight recklessly!
You barely miss the phantom. You tail-slap the phantom!
The phantom is severely damaged.
The phantom hits you.
* * * LOW HITPOINT WARNING * * *
The phantom blinks!
You blink.
You hit the phantom but do no damage.
The phantom is severely damaged.
The phantom hits you.
You die...

## ..## ########### ....
#.........#
....######ยงยง.......##############
.........'......@..'!............
....######.....W...#########.####
.... #.........# #.#..# ....
#.........# #.#..# .... #.........#
#.#... .... ########### #.#... ....
#.#.#. .... #.#.## #.#...


You could see a phantom.

Vanquished Creatures
  An orc (D:5)
1 creature vanquished.

Notes
Turn   | Place    | Note
-------+----------+-------------------------------------------
     0 | D:5      | oldriver the Palentonga Delver began the quest for the Orb.
     0 | D:5      | Reached XP level 1. HP: 19/19 MP: 1/1
     5 | D:5      | Found a runed translucent door.
     5 | D:5      | Noticed porpoise's ghost (novice TeHu)
   110 | D:5      | Noticed a phantom
   193 | D:5      | Slain by a phantom

Illustrated notes

Levels and vault maps discovered:
D:4:      layout_cave_pools, serial_bayou, serial_bayou_pond_b,
          serial_bayou_ford_a, serial_bayou_pond_d, serial_bayou_lake_a,
          serial_bayou_lagoon_b, gup_sewer_entry_bubbles,
          nicolae_wooded_promenade, uniq_edmund
D:5:      layout_basic, ebering_ghost_sewer_f

Action                   || total
-------------------------++-------
Melee: Hand axe          ||    13
       Tailslap          ||     2
  Use: Potion            ||     1
Armor: Leather armour    ||     6
Dodge: Dodged            ||     3

Table legend: (Time is in decaauts)
 A = Elapsed time spent in this place.
 B = Non-inter-level travel time spent in this place.
 C = Inter-level travel time spent in this place.
 D = Time resting spent in this place.
 E = Time spent auto-exploring this place.
 F = Levels seen in this place.
 G = Mean time per level.
                   A        B        C        D        E       F      G
               +--------+--------+--------+--------+--------+-----+--------+
         Total |    192 |    192 |      0 |      0 |     24 |   2 |   96.0 |
       Dungeon |    192 |    192 |      0 |      0 |     24 |   2 |   96.0 |
               +--------+--------+--------+--------+--------+-----+--------+

Top non-repeatable levels by time:
     D:5: 186 daAuts
     D:4: 5 daAuts
